Carnivores vs Monarchs
(R1)
Created - May 2, 2018 at 19:04
Goals
|
Carnivores |
0 |
0 |
1 |
1 |
Monarchs |
3 |
3 |
0 |
6 |
|
Shots
|
Carnivores |
7 |
12 |
15 |
34 |
Monarchs |
11 |
15 |
15 |
41 |
|
1st period
1. Monarchs , Kyle Clifford 18 (Colton Parayko 14) at 12:35
2. Monarchs , Rickard Rakell 23 (Jeff Skinner 29, Matt Tennyson 35) at 17:55
3. Monarchs , Tyler Toffoli 33 (Eric Wellwood 52) at 18:46
Penalties :
Scott Laughton (Bre) for Hooking (Minor) at 5:54
2nd period
4. Monarchs , Tyler Toffoli 34 (Ryan White 3) at 3:55
5. Monarchs , Rickard Rakell 24 (Jeff Skinner 30, Bobby Sanguinetti 30) at 4:47
6. Monarchs , Kyle Clifford 19 (Pierre-Alexandre Parenteau 47, Matt Tennyson 36) at 7:28
Penalties :
Kyle Clifford (MAN) for Boarding (Minor) at 0:22, Jean-Gabriel Pageau (MAN) for Fighting (Major) at 6:34, Brendan Gallagher (Bre) for Fighting (Major) at 6:34, Scott Laughton (Bre) for Hooking (Minor) at 7:50, Kyle Clifford (MAN) for Fighting (Major) at 14:29, David Schlemko (Bre) for Fighting (Major) at 14:29, Brendan Gallagher (Bre) for Slashing (Minor) at 14:42
3rd period
7. Carnivores , Scott Laughton 18 (Zack Smith 24, Blake Geoffrion 62) at 13:42
Penalties :
Kyle Clifford (MAN) for High sticking (Double Minor) at 0:46, Scott Laughton (Bre) for Hooking (Minor) at 0:49, Kyle Clifford (MAN) for Fighting (Major) at 6:30, Brendan Gallagher (Bre) for Fighting (Major) at 6:30, Brendan Gallagher (Bre) for instigated a fight (Minor) at 6:30, Brendan Gallagher (Bre) for instigated a fight (10 Minutes Misconduct) at 6:30, Scott Laughton (Bre) for Charging (Minor) at 11:18, Joe Corvo (Bre) for Holding (Minor) at 16:48
Goalie Stats
Antti Raanta (Bre), 26 saves from 28 shots - (0.929), 36:05 minutes
Daniel Altshuller (Bre), 9 saves from 13 shots - (0.692), L, 4-6-0, 23:55 minutes
Jeff Frazee (MAN), 33 saves from 34 shots - (0.971), W, 3-4-0, 60:00 minutes
Players Stats for Carnivores
Player Name G A P +/- PIM S H SB GA TA FO MP PP MP PK MP
------------------------------------------------------------------------------------
Adam Pelech 0 0 0 0 0 0 1 0 0 0 0/0 11:13 0:26 0:00
Anton Gustafsson 0 0 0 -4 0 6 2 1 2 0 19/33 22:11 1:54 5:56
Blake Geoffrion 0 1 1 -3 0 4 2 1 0 1 1/2 18:45 1:24 2:34
Brendan Gallagher 0 0 0 -3 24 2 2 1 0 0 0/0 12:35 1:07 0:55
David Schlemko 0 0 0 0 5 0 0 0 1 0 0/0 3:53 0:00 0:00
Jeremy Welsh 0 0 0 -1 0 3 1 1 0 0 1/2 12:55 0:33 0:00
Jeremy Williams 0 0 0 0 0 2 2 0 0 1 0/0 8:11 0:12 0:10
Joe Corvo 0 0 0 -3 2 1 1 0 0 0 0/0 15:17 0:00 0:00
Josh Manson 0 0 0 0 0 0 1 0 0 0 0/0 11:13 0:26 0:00
Mark MacMillan 0 0 0 -2 0 0 0 0 0 0 0/0 8:59 0:00 0:00
Markus Granlund 0 0 0 0 0 0 1 1 0 0 9/12 13:15 0:32 1:29
Mat Clark 0 0 0 0 0 0 0 0 0 0 0/0 3:01 1:18 0:00
Mattias Backman 0 0 0 0 0 1 0 0 0 0 0/0 5:28 0:00 0:23
Nate Schmidt 0 0 0 -2 0 0 1 3 0 0 0/0 20:18 1:13 6:44
Nicolas Kerdiles 0 0 0 -1 0 1 2 1 0 1 0/0 16:41 2:18 5:13
Nikita Alexeev 0 0 0 0 0 3 3 0 3 0 0/1 13:36 2:18 0:00
Ryan Murray 0 0 0 -3 0 1 1 1 1 1 0/0 25:19 2:15 6:21
Sasha Pokulok 0 0 0 0 0 0 1 0 0 0 0/0 6:18 0:00 5:10
Scott Laughton 1 0 1 0 8 2 0 0 0 1 5/8 15:13 1:29 1:47
Steve Begin 0 0 0 0 0 4 0 0 0 0 1/1 11:27 0:09 3:26
T.J Brodie 0 0 0 -2 0 3 1 1 1 1 0/0 18:08 2:20 5:10
Zack Smith 0 1 1 -1 0 1 1 2 1 2 4/5 12:12 0:00 2:28
Players Stats for Monarchs
Player Name G A P +/- PIM S H SB GA TA FO MP PP MP PK MP
------------------------------------------------------------------------------------
Anthony Peluso 0 0 0 0 0 0 0 0 0 0 0/0 0:00 0:00 0:00
Bobby Sanguinetti 0 1 1 1 0 3 3 1 1 3 0/0 21:19 4:50 1:33
Chris Tierney 0 0 0 0 0 0 0 0 0 0 0/0 0:00 0:00 0:00
Colton Parayko 0 1 1 1 0 1 1 0 0 0 0/0 21:19 4:50 1:33
Connor Brown 0 0 0 0 0 0 0 0 0 0 1/2 2:11 0:00 1:33
Dalton Smith 0 0 0 0 0 0 0 0 0 0 0/0 1:14 0:00 0:59
Eric Wellwood 0 1 1 2 0 3 2 2 0 0 0/0 19:26 5:21 1:45
Igor Makarov 0 0 0 2 0 2 3 0 1 0 0/0 16:22 5:16 0:00
Jake Muzzin 0 0 0 1 0 1 0 1 0 0 0/0 10:50 0:00 1:00
Jean-Gabriel Pageau 0 0 0 1 5 2 0 0 1 1 15/31 19:50 5:10 1:55
Jeff Skinner 0 2 2 1 0 5 0 2 0 1 0/0 11:56 0:03 1:15
Jon Merrill 0 0 0 1 0 1 1 2 0 2 0/0 24:57 7:04 1:26
Kyle Clifford 2 0 2 2 16 5 2 1 1 1 1/3 16:10 3:36 0:00
Matt Tennyson 0 2 2 3 0 2 2 3 2 0 0/0 27:51 7:04 1:26
Morgan Rielly 0 0 0 2 0 0 0 0 0 0 0/0 3:54 0:00 1:00
Nail Yakupov 0 0 0 0 0 2 0 0 0 0 0/0 6:48 0:00 0:00
Pierre-Alexandre Parente 0 1 1 2 0 2 1 1 0 0 0/2 19:57 6:12 0:00
Rickard Rakell 2 0 2 1 0 3 1 0 1 0 1/5 10:45 0:08 0:31
Ryan White 0 1 1 0 0 1 0 0 1 0 1/5 6:48 0:00 0:00
Teuvo Teravainen 0 0 0 1 0 0 1 0 0 0 2/6 6:49 3:03 0:00
Tobias Rieder 0 0 0 1 0 0 0 0 0 0 0/0 10:23 0:23 0:00
Trevor Lewis 0 0 0 0 0 0 1 0 0 0 0/0 2:08 1:14 0:00
Ty Wishart 0 0 0 1 0 1 1 1 0 0 0/0 9:50 0:00 0:00
Tyler McNeely 0 0 0 0 0 1 0 0 0 0 0/0 6:48 0:00 0:00
Tyler Toffoli 2 0 2 2 0 6 1 0 0 1 3/10 16:22 5:16 0:00
3 Stars
1 - Tyler Toffoli (MAN)
2 - Jeff Frazee (MAN)
3 - Rickard Rakell (MAN)
Power Play
Carnivores - 0 on 3 Attempt(s) - 0.00%
Monarchs - 0 on 7 Attempt(s) - 0.00%
Penalty Kill
Carnivores - 7 on 7 Attempt(s) - 100.00%
- Score 0 goal in Penalty Kill
Monarchs - 3 on 3 Attempt(s) - 100.00%
- Score 0 goal in Penalty Kill
Team Stat
Carnivores - Hits : 23 - Faceoff Wins : 40 - Blocked Shots : 13 - Penalty Minutes : 39
Monarchs - Hits : 20 - Faceoff Wins : 24 - Blocked Shots : 14 - Penalty Minutes : 21
Official
Referees : Morton Dean and Jackson Dave
Linesman : Don Henderson and Darren Gibbs
Game Notes
3:55 of 2nd period - Monarchs goal is going for a video replay. After video review, Goal.
Antti Raanta enters game at 3:55 of 2nd period
Jean-Gabriel Pageau and Brendan Gallagher fight to a draw at 6:34 of 2nd period
Kyle Clifford and David Schlemko fight to a draw at 14:29 of 2nd period
Kyle Clifford and Brendan Gallagher fight to a draw at 6:30 of 3rd period
Finance
Level 1 -- Attendance: 1510 (75.50%) -- Ticket Income $60,400
Level 2 -- Attendance: 737 (73.70%) -- Ticket Income $14,740
Total Attendance: 2247 (74.90%)
Total Ticket Income: $75,140
Other Income: $3,757
Total Income: $78,897
Carnivores
5 vs 5 Forward
Center Left Wing Right Wing Time % Phy DF OF
1 Anton Gustafsson Blake Geoffrion Brendan Gallagher 40 1 2 2
2 Markus Granlund Jeremy Welsh Nikita Alexeev 30 1 2 2
3 Zack Smith Nicolas Kerdiles Mark MacMillan 20 1 2 2
4 Scott Laughton Steve Begin Jeremy Williams 10 1 2 2
5 vs 5 Defense
Defense Defense Time % Phy DF OF
1 Joe Corvo Ryan Murray 40 1 2 2
2 T.J Brodie Nate Schmidt 30 1 2 2
3 Adam Pelech Josh Manson 20 1 2 2
4 Mattias Backman David Schlemko 10 1 2 2
PowerPlay Forward
Center Left Wing Right Wing Time % Phy DF OF
1 Scott Laughton Blake Geoffrion Brendan Gallagher 60 1 1 3
2 Anton Gustafsson Nicolas Kerdiles Nikita Alexeev 40 1 0 4
PowerPlay Defense
Defense Defense Time % Phy DF OF
1 T.J Brodie Ryan Murray 60 1 1 3
2 Mat Clark Nate Schmidt 40 1 1 3
Penalty Kill 4 Players Forward
Center Wing Time % Phy DF OF
1 Anton Gustafsson Brendan Gallagher 60 1 3 1
2 Zack Smith Blake Geoffrion 40 1 3 1
Penalty Kill 4 Players Defense
Defense Defense Time % Phy DF OF
1 Ryan Murray Nate Schmidt 60 1 3 1
2 T.J Brodie Sasha Pokulok 40 1 3 1
Penalty Kill - 3 Players Forward
Forward Time % Phy DF OF
1 Brendan Gallagher 60 1 3 1
2 Zack Smith 40 1 3 1
Penalty Kill - 3 Players Defense
Defense Defense Time % Phy DF OF
1 Ryan Murray Nate Schmidt 60 1 4 0
2 T.J Brodie Sasha Pokulok 40 1 4 0
4 vs 4 Forward
Center Wing Time % Phy DF OF
1 Anton Gustafsson Brendan Gallagher 60 1 2 2
2 Nikita Alexeev Blake Geoffrion 40 1 2 2
4 vs 4 Defense
Defense Defense Time % Phy DF OF
1 Ryan Murray Nate Schmidt 60 1 2 2
2 Mat Clark T.J Brodie 40 1 2 2
Last Minutes Offensive
Center Left Wing Right Wing Defense Defense
Anton Gustafsson Steve Begin Brendan Gallagher Ryan Murray Nate Schmidt
Last Minutes Defensive
Center Left Wing Right Wing Defense Defense
Anton Gustafsson Steve Begin Brendan Gallagher Ryan Murray Nate Schmidt
Goaltenders
Starting : Daniel Altshuller
Backup : Antti Raanta
Extra Forwards
Normal : Scott Laughton, Jeremy Welsh, Nicolas Kerdiles - PP : Jeremy Welsh, Scott Laughton - PK : Nicolas Kerdiles
Extra Defensemen
Normal : Sasha Pokulok, Mattias Backman, Josh Manson - PP : Adam Pelech - PK : Sasha Pokulok, Mattias Backman
Penalty Shots
Markus Granlund, Anton Gustafsson, Brendan Gallagher, Blake Geoffrion, Jeremy Welsh
Scratches
Adam Almquist (Healthy), Stanislav Galiev (Healthy), Tyler Graovac (Healthy), Patrick McNeill (Healthy), Troy Bourke (Healthy)
Alexandre Mallet (Healthy), Michael Schumacher (Healthy), Mike McKenna (Healthy)
Monarchs
5 vs 5 Forward
Center Left Wing Right Wing Time % Phy DF OF
1 Jean-Gabriel Pageau Kyle Clifford Pierre-Alexandre Parentea40 1 2 2
2 Tyler Toffoli Eric Wellwood Igor Makarov 30 1 2 2
3 Rickard Rakell Jeff Skinner Tobias Rieder 20 1 2 2
4 Ryan White Tyler McNeely Nail Yakupov 10 1 2 2
5 vs 5 Defense
Defense Defense Time % Phy DF OF
1 Matt Tennyson Jon Merrill 40 1 2 2
2 Bobby Sanguinetti Colton Parayko 30 1 2 2
3 Ty Wishart Jake Muzzin 20 1 2 2
4 Morgan Rielly Matt Tennyson 10 1 2 2
PowerPlay Forward
Center Left Wing Right Wing Time % Phy DF OF
1 Jean-Gabriel Pageau Kyle Clifford Pierre-Alexandre Parentea60 1 2 2
2 Tyler Toffoli Eric Wellwood Igor Makarov 40 1 2 2
PowerPlay Defense
Defense Defense Time % Phy DF OF
1 Matt Tennyson Jon Merrill 60 1 2 2
2 Bobby Sanguinetti Colton Parayko 40 1 2 2
Penalty Kill 4 Players Forward
Center Wing Time % Phy DF OF
1 Kyle Clifford Eric Wellwood 60 1 2 2
2 Jean-Gabriel Pageau Tyler Toffoli 40 1 2 2
Penalty Kill 4 Players Defense
Defense Defense Time % Phy DF OF
1 Matt Tennyson Jon Merrill 60 1 2 2
2 Bobby Sanguinetti Colton Parayko 40 1 2 2
Penalty Kill - 3 Players Forward
Forward Time % Phy DF OF
1 Kyle Clifford 60 1 2 2
2 Eric Wellwood 40 1 2 2
Penalty Kill - 3 Players Defense
Defense Defense Time % Phy DF OF
1 Matt Tennyson Jon Merrill 60 1 2 2
2 Bobby Sanguinetti Colton Parayko 40 1 2 2
4 vs 4 Forward
Center Wing Time % Phy DF OF
1 Kyle Clifford Eric Wellwood 60 1 2 2
2 Jean-Gabriel Pageau Tyler Toffoli 40 1 2 2
4 vs 4 Defense
Defense Defense Time % Phy DF OF
1 Matt Tennyson Jon Merrill 60 1 2 2
2 Bobby Sanguinetti Colton Parayko 40 1 2 2
Last Minutes Offensive
Center Left Wing Right Wing Defense Defense
Jean-Gabriel Pageau Kyle Clifford Pierre-Alexandre ParenteaMatt Tennyson Jon Merrill
Last Minutes Defensive
Center Left Wing Right Wing Defense Defense
Jean-Gabriel Pageau Kyle Clifford Pierre-Alexandre ParenteaMatt Tennyson Jon Merrill
Goaltenders
Starting : Jeff Frazee
Backup : Tyler Beskorowany
Extra Forwards
Normal : Teuvo Teravainen, Trevor Lewis, Connor Brown - PP : Teuvo Teravainen, Trevor Lewis - PK : Connor Brown
Extra Defensemen
Normal : Ty Wishart, Jake Muzzin, Morgan Rielly - PP : Ty Wishart - PK : Jake Muzzin, Morgan Rielly
Penalty Shots
Kyle Clifford, Eric Wellwood, Jean-Gabriel Pageau, Tyler Toffoli, Jeff Skinner
Scratches
Christophe Lalancette (Healthy), Ludwig Bystrom (Healthy), Alec Martinez (Left Knee Injury)
% Time on Ice - Carnivores
Lines # - Real PCT - Wanted PCT - Time Play
Normal Forward
1 - 34% - 40% - 14:19
2 - 27% - 30% - 11:27
3 - 21% - 20% - 8:59
4 - 18% - 10% - 7:23
Normal Defense
1 - 38% - 40% - 16:00
2 - 26% - 30% - 10:50
3 - 25% - 20% - 10:40
4 - 11% - 10% - 4:38
PP Forward
1 - 42% - 60% - 1:41
2 - 58% - 40% - 2:18
PP Defense
1 - 56% - 60% - 2:15
2 - 44% - 40% - 1:44
PK Forward
1 - 81% - 60% - 9:37
2 - 19% - 40% - 2:17
PK Defense
1 - 57% - 60% - 6:44
2 - 43% - 40% - 5:10
PK3 Forward
1 - 0% - 60%
2 - 0% - 40%
PK3 Defense
1 - 0% - 60%
2 - 0% - 40%
44 Forward
1 - 73% - 60% - 1:27
2 - 27% - 40% - 0:32
44 Defense
1 - 59% - 60% - 1:10
2 - 41% - 40% - 0:49
Last Minute Offensive - 0:00
Last Minute Defensive - 0:00
Total
Forward - 60:00
Defense - 60:00
|
% Time on Ice - Monarchs
Lines # - Real PCT - Wanted PCT - Time Play
Normal Forward
1 - 34% - 40% - 14:16
2 - 26% - 30% - 11:06
3 - 24% - 20% - 9:58
4 - 16% - 10% - 6:48
Normal Defense
1 - 36% - 40% - 15:01
2 - 34% - 30% - 14:23
3 - 23% - 20% - 9:50
4 - 7% - 10% - 2:54
PP Forward
1 - 56% - 60% - 6:38
2 - 44% - 40% - 5:16
PP Defense
1 - 59% - 60% - 7:04
2 - 41% - 40% - 4:50
PK Forward
1 - 100% - 60% - 3:59
2 - 0% - 40% - 0:00
PK Defense
1 - 53% - 60% - 2:06
2 - 47% - 40% - 1:53
PK3 Forward
1 - 0% - 60%
2 - 0% - 40%
PK3 Defense
1 - 0% - 60%
2 - 0% - 40%
44 Forward
1 - 100% - 60% - 1:59
2 - 0% - 40% - 0:00
44 Defense
1 - 72% - 60% - 1:26
2 - 28% - 40% - 0:33
Last Minute Offensive - 0:00
Last Minute Defensive - 0:00
Total
Forward - 60:00
Defense - 60:00
|
Play by Play
1st period
0:01 of 1st period - Jean-Gabriel Pageau wins face-off versus Anton Gustafsson in neutral zone.
0:14 of 1st period - Pierre-Alexandre Parenteau is hit by Blake Geoffrion and loses puck.
0:31 of 1st period - Eric Wellwood is hit by Nikita Alexeev and loses puck.
0:53 of 1st period - Off-side.
0:54 of 1st period - Zack Smith wins face-off versus Rickard Rakell in neutral zone.
1:29 of 1st period - Icing by Bobby Sanguinetti.
1:30 of 1st period - Ryan White wins face-off versus Anton Gustafsson in Monarchs zone.
1:51 of 1st period - Snap shot by Nail Yakupov.
1:51 of 1st period - Shot Misses the Net.
1:53 of 1st period - Snap shot by Ryan White.
1:53 of 1st period - Deflect By Nail Yakupov.
1:53 of 1st period - Stopped by Daniel Altshuller without a rebound.
1:54 of 1st period - Markus Granlund wins face-off versus Kyle Clifford in Carnivores zone.
1:58 of 1st period - Icing by Jeremy Welsh.
1:59 of 1st period - Jean-Gabriel Pageau wins face-off versus Markus Granlund in Carnivores zone.
2:00 of 1st period - Slapshot by Kyle Clifford.
2:00 of 1st period - Shot Misses the Net.
3:51 of 1st period - Tyler Toffoli is hit by Anton Gustafsson and loses puck.
3:56 of 1st period - Slapshot by Blake Geoffrion.
3:56 of 1st period - Shot Misses the Net.
5:32 of 1st period - Off-side.
5:33 of 1st period - Jean-Gabriel Pageau wins face-off versus Scott Laughton in neutral zone.
5:44 of 1st period - Snap shot by Jean-Gabriel Pageau.
5:44 of 1st period - Shot Misses the Net.
5:46 of 1st period - Slapshot by Jean-Gabriel Pageau.
5:46 of 1st period - Stopped by Daniel Altshuller with a rebound.
5:54 of 1st period - Minor Penalty to Scott Laughton for Hooking.
5:55 of 1st period - Jean-Gabriel Pageau wins face-off versus Anton Gustafsson in Carnivores zone.
6:02 of 1st period - Snap shot by Jean-Gabriel Pageau.
6:02 of 1st period - Shot Misses the Net.
6:04 of 1st period - Snap shot by Kyle Clifford.
6:04 of 1st period - Shot Misses the Net.
7:05 of 1st period - Ryan Murray is hit by Igor Makarov and loses puck.
7:41 of 1st period - Igor Makarov is hit by Nicolas Kerdiles and loses puck.
7:54 of 1st period - Penalty to Scott Laughton is over, Scott Laughton is back on ice.
8:02 of 1st period - Snap shot by Tyler McNeely.
8:02 of 1st period - Deflect By Nail Yakupov.
8:02 of 1st period - Shot Misses the Net.
8:02 of 1st period - Puck is out of play.
8:03 of 1st period - Markus Granlund wins face-off versus Ryan White in Carnivores zone.
8:28 of 1st period - Bobby Sanguinetti is hit by Josh Manson.
8:54 of 1st period - Jean-Gabriel Pageau is hit by Zack Smith.
9:04 of 1st period - Ryan Murray is hit by Eric Wellwood and loses puck.
9:17 of 1st period - Eric Wellwood is hit by Nicolas Kerdiles and loses puck.
9:30 of 1st period - Zack Smith is hit by Igor Makarov and loses puck.
9:53 of 1st period - Joe Corvo is hit by Bobby Sanguinetti and loses puck.
10:14 of 1st period - Snap shot by Tyler Toffoli.
10:14 of 1st period - Stopped by Daniel Altshuller with a rebound.
10:16 of 1st period - Wrist shot by Eric Wellwood.
10:16 of 1st period - Shot Blocked by Nicolas Kerdiles.
10:36 of 1st period - Slapshot by Joe Corvo.
10:36 of 1st period - Shot Misses the Net.
10:38 of 1st period - Snap shot by Joe Corvo.
10:38 of 1st period - Deflect By Igor Makarov.
10:38 of 1st period - Stopped by Jeff Frazee without a rebound.
10:39 of 1st period - Anton Gustafsson wins face-off versus Jean-Gabriel Pageau in Monarchs zone.
10:50 of 1st period - Snap shot by Anton Gustafsson.
10:50 of 1st period - Stopped by Jeff Frazee with a rebound.
11:09 of 1st period - Wrist shot by Nikita Alexeev.
11:09 of 1st period - Stopped by Jeff Frazee with a rebound.
11:11 of 1st period - Snap shot by T.J Brodie.
11:11 of 1st period - Shot Misses the Net.
11:13 of 1st period - Slapshot by T.J Brodie.
11:13 of 1st period - Shot Misses the Net.
11:15 of 1st period - Slapshot by Nate Schmidt.
11:15 of 1st period - Shot Misses the Net.
11:30 of 1st period - Slapshot by Steve Begin.
11:30 of 1st period - Shot Misses the Net.
12:15 of 1st period - Wrist shot by Jeremy Welsh.
12:15 of 1st period - Shot Blocked by Ty Wishart.
12:17 of 1st period - Wrist shot by Jeremy Williams.
12:17 of 1st period - Stopped by Jeff Frazee without a rebound.
12:18 of 1st period - Scott Laughton wins face-off versus Ryan White in Monarchs zone.
12:23 of 1st period - Snap shot by Steve Begin.
12:23 of 1st period - Stopped by Jeff Frazee without a rebound.
12:24 of 1st period - Jean-Gabriel Pageau wins face-off versus Anton Gustafsson in Monarchs zone.
12:35 of 1st period - Slapshot by Kyle Clifford.
12:35 of 1st period - Goal by Kyle Clifford - Carnivores : 0 - Monarchs : 1.
12:36 of 1st period - Anton Gustafsson wins face-off versus Jean-Gabriel Pageau in neutral zone.
12:51 of 1st period - Kyle Clifford is hit by Brendan Gallagher and loses puck.
13:02 of 1st period - Nate Schmidt is hit by Jon Merrill and loses puck.
13:31 of 1st period - Mark MacMillan is hit by Colton Parayko and loses puck.
14:28 of 1st period - Wrist shot by Tyler Toffoli.
14:28 of 1st period - Shot Hit the Post.
14:48 of 1st period - Snap shot by Jeff Skinner.
14:48 of 1st period - Shot Misses the Net.
15:04 of 1st period - Snap shot by Kyle Clifford.
15:04 of 1st period - Shot Misses the Net.
15:06 of 1st period - Slapshot by Kyle Clifford.
15:06 of 1st period - Shot Misses the Net.
15:53 of 1st period - Snap shot by Jeremy Welsh.
15:53 of 1st period - Shot Misses the Net.
17:41 of 1st period - Snap shot by Jeff Skinner.
17:41 of 1st period - Deflect By Blake Geoffrion.
17:41 of 1st period - Stopped by Daniel Altshuller with a rebound.
17:43 of 1st period - Slapshot by Matt Tennyson.
17:43 of 1st period - Stopped by Daniel Altshuller with a rebound.
17:45 of 1st period - Slapshot by Rickard Rakell.
17:45 of 1st period - Shot Misses the Net.
17:51 of 1st period - Wrist shot by Jeff Skinner.
17:51 of 1st period - Shot Blocked by Anton Gustafsson.
17:53 of 1st period - Snap shot by Jeff Skinner.
17:53 of 1st period - Shot Misses the Net.
17:55 of 1st period - Snap shot by Rickard Rakell.
17:55 of 1st period - Goal by Rickard Rakell - Carnivores : 0 - Monarchs : 2.
17:56 of 1st period - Markus Granlund wins face-off versus Jean-Gabriel Pageau in neutral zone.
18:03 of 1st period - Slapshot by Jeremy Welsh.
18:03 of 1st period - Stopped by Jeff Frazee without a rebound.
18:04 of 1st period - Markus Granlund wins face-off versus Pierre-Alexandre Parenteau in Monarchs zone.
18:05 of 1st period - Wrist shot by Nikita Alexeev.
18:05 of 1st period - Shot Hit the Post.
18:24 of 1st period - Wrist shot by Jeremy Welsh.
18:24 of 1st period - Stopped by Jeff Frazee with a rebound.
18:38 of 1st period - Snap shot by Pierre-Alexandre Parenteau.
18:38 of 1st period - Deflect By Kyle Clifford.
18:38 of 1st period - Shot Hit the Post.
18:38 of 1st period - Puck is out of play.
18:39 of 1st period - Tyler Toffoli wins face-off versus Anton Gustafsson in Carnivores zone.
18:42 of 1st period - Snap shot by Tyler Toffoli.
18:42 of 1st period - Deflect By Eric Wellwood.
18:42 of 1st period - Stopped by Daniel Altshuller with a rebound.
18:44 of 1st period - Slapshot by Eric Wellwood.
18:44 of 1st period - Deflect By Tyler Toffoli.
18:44 of 1st period - Stopped by Daniel Altshuller with a rebound.
18:46 of 1st period - Wrist shot by Tyler Toffoli.
18:46 of 1st period - Goal by Tyler Toffoli - Carnivores : 0 - Monarchs : 3.
18:47 of 1st period - Anton Gustafsson wins face-off versus Jean-Gabriel Pageau in neutral zone.
19:19 of 1st period - T.J Brodie is hit by Bobby Sanguinetti.
19:39 of 1st period - Snap shot by Jeff Skinner.
19:39 of 1st period - Stopped by Daniel Altshuller with a rebound.
19:41 of 1st period - Wrist shot by Tobias Rieder.
19:41 of 1st period - Shot Blocked by Nate Schmidt.
Goals for this period are 0 for Carnivores vs 3 for Monarchs .
Shots for this period are 7 for Carnivores vs 11 for Monarchs .
2nd period
0:01 of 2nd period - Anton Gustafsson wins face-off versus Kyle Clifford in neutral zone.
0:08 of 2nd period - Snap shot by Pierre-Alexandre Parenteau.
0:08 of 2nd period - Stopped by Daniel Altshuller with a rebound.
0:14 of 2nd period - Snap shot by Brendan Gallagher.
0:14 of 2nd period - Stopped by Jeff Frazee with a rebound.
0:22 of 2nd period - Minor Penalty to Kyle Clifford for Boarding.
0:23 of 2nd period - Connor Brown wins face-off versus Scott Laughton in Monarchs zone.
0:52 of 2nd period - Off-side.
0:53 of 2nd period - Jean-Gabriel Pageau wins face-off versus Nikita Alexeev in neutral zone.
1:06 of 2nd period - Nate Schmidt is hit by Eric Wellwood and loses puck.
2:22 of 2nd period - Penalty to Kyle Clifford is over, Kyle Clifford is back on ice.
2:28 of 2nd period - Snap shot by Blake Geoffrion.
2:28 of 2nd period - Shot Blocked by Matt Tennyson.
3:53 of 2nd period - Wrist shot by Tyler Toffoli.
3:53 of 2nd period - Shot Blocked by Zack Smith.
3:55 of 2nd period - Snap shot by Tyler Toffoli.
3:55 of 2nd period - Monarchs goal is going for a video replay.
3:55 of 2nd period - The goal is good.
3:55 of 2nd period - Goal by Tyler Toffoli - Carnivores : 0 - Monarchs : 4.
3:55 of 2nd period - Antti Raanta enters game.
3:56 of 2nd period - Anton Gustafsson wins face-off versus Jean-Gabriel Pageau in neutral zone.
3:59 of 2nd period - Wrist shot by Brendan Gallagher.
3:59 of 2nd period - Stopped by Jeff Frazee with a rebound.
4:19 of 2nd period - Igor Makarov is hit by Markus Granlund and loses puck.
4:37 of 2nd period - Off-side.
4:38 of 2nd period - Zack Smith wins face-off versus Rickard Rakell in neutral zone.
4:41 of 2nd period - Slapshot by T.J Brodie.
4:41 of 2nd period - Shot Misses the Net.
4:47 of 2nd period - Slapshot by Rickard Rakell.
4:47 of 2nd period - Goal by Rickard Rakell - Carnivores : 0 - Monarchs : 5.
4:48 of 2nd period - Jean-Gabriel Pageau wins face-off versus Anton Gustafsson in neutral zone.
4:53 of 2nd period - Snap shot by Pierre-Alexandre Parenteau.
4:53 of 2nd period - Shot Blocked by Brendan Gallagher.
5:36 of 2nd period - Snap shot by Steve Begin.
5:36 of 2nd period - Shot Misses the Net.
5:47 of 2nd period - Icing by Steve Begin.
5:48 of 2nd period - Steve Begin wins face-off versus Jean-Gabriel Pageau in Carnivores zone.
6:11 of 2nd period - Wrist shot by Steve Begin.
6:11 of 2nd period - Stopped by Jeff Frazee with a rebound.
6:19 of 2nd period - Slapshot by Bobby Sanguinetti.
6:19 of 2nd period - Stopped by Antti Raanta without a rebound.
6:20 of 2nd period - Jean-Gabriel Pageau wins face-off versus Anton Gustafsson in Carnivores zone.
6:34 of 2nd period - Jean-Gabriel Pageau and Brendan Gallagher fight to a draw.
6:34 of 2nd period - Penalty to Jean-Gabriel Pageau for Fighting.
6:34 of 2nd period - Penalty to Brendan Gallagher for Fighting.
6:35 of 2nd period - Anton Gustafsson wins face-off versus Pierre-Alexandre Parenteau in Monarchs zone.
6:36 of 2nd period - Slapshot by Blake Geoffrion.
6:36 of 2nd period - Stopped by Jeff Frazee without a rebound.
6:37 of 2nd period - Anton Gustafsson wins face-off versus Teuvo Teravainen in Monarchs zone.
6:50 of 2nd period - Blake Geoffrion is hit by Kyle Clifford and loses puck.
7:03 of 2nd period - Wrist shot by Eric Wellwood.
7:03 of 2nd period - Shot Misses the Net.
7:05 of 2nd period - Snap shot by Tyler Toffoli.
7:05 of 2nd period - Stopped by Antti Raanta without a rebound.
7:06 of 2nd period - Markus Granlund wins face-off versus Tyler Toffoli in Carnivores zone.
7:06 of 2nd period - Nikita Alexeev is hit by Igor Makarov and loses puck.
7:13 of 2nd period - Slapshot by T.J Brodie.
7:13 of 2nd period - Stopped by Jeff Frazee with a rebound.
7:15 of 2nd period - Wrist shot by Jeremy Welsh.
7:15 of 2nd period - Stopped by Jeff Frazee without a rebound.
7:16 of 2nd period - Anton Gustafsson wins face-off versus Teuvo Teravainen in Monarchs zone.
7:17 of 2nd period - Snap shot by Blake Geoffrion.
7:17 of 2nd period - Stopped by Jeff Frazee without a rebound.
7:18 of 2nd period - Teuvo Teravainen wins face-off versus Anton Gustafsson in Monarchs zone.
7:18 of 2nd period - Teuvo Teravainen is hit by Blake Geoffrion.
7:28 of 2nd period - Wrist shot by Kyle Clifford.
7:28 of 2nd period - Goal by Kyle Clifford - Carnivores : 0 - Monarchs : 6.
7:29 of 2nd period - Teuvo Teravainen wins face-off versus Anton Gustafsson in neutral zone.
7:50 of 2nd period - Minor Penalty to Scott Laughton for Hooking.
7:51 of 2nd period - Anton Gustafsson wins face-off versus Teuvo Teravainen in Carnivores zone.
8:30 of 2nd period - Anton Gustafsson is hit by Tyler Toffoli and loses puck.
8:51 of 2nd period - Snap shot by Ryan Murray.
8:51 of 2nd period - Shot Blocked by Kyle Clifford.
8:53 of 2nd period - Wrist shot by Nate Schmidt.
8:53 of 2nd period - Shot Misses the Net.
9:38 of 2nd period - Markus Granlund is hit by Teuvo Teravainen.
9:50 of 2nd period - Penalty to Scott Laughton is over, Scott Laughton is back on ice.
10:02 of 2nd period - Snap shot by Ryan White.
10:02 of 2nd period - Stopped by Antti Raanta with a rebound.
10:04 of 2nd period - Slapshot by Ty Wishart.
10:04 of 2nd period - Stopped by Antti Raanta with a rebound.
10:06 of 2nd period - Slapshot by Tyler McNeely.
10:06 of 2nd period - Stopped by Antti Raanta without a rebound.
10:07 of 2nd period - Markus Granlund wins face-off versus Tyler Toffoli in Carnivores zone.
10:07 of 2nd period - Markus Granlund is hit by Ty Wishart.
11:01 of 2nd period - Wrist shot by Blake Geoffrion.
11:01 of 2nd period - Stopped by Jeff Frazee with a rebound.
11:23 of 2nd period - Wrist shot by Kyle Clifford.
11:23 of 2nd period - Stopped by Antti Raanta with a rebound.
11:35 of 2nd period - Tyler Toffoli is hit by Anton Gustafsson and loses puck.
11:39 of 2nd period - Icing by Matt Tennyson.
11:40 of 2nd period - Tyler Toffoli wins face-off versus Zack Smith in Monarchs zone.
11:40 of 2nd period - Tyler Toffoli is hit by T.J Brodie.
12:15 of 2nd period - Markus Granlund is hit by Kyle Clifford and loses puck.
12:20 of 2nd period - Slapshot by Pierre-Alexandre Parenteau.
12:20 of 2nd period - Shot Blocked by Markus Granlund.
13:42 of 2nd period - Snap shot by Kyle Clifford.
13:42 of 2nd period - Shot Blocked by Zack Smith.
13:44 of 2nd period - Wrist shot by Matt Tennyson.
13:44 of 2nd period - Shot Misses the Net.
13:46 of 2nd period - Snap shot by Kyle Clifford.
13:46 of 2nd period - Stopped by Antti Raanta without a rebound.
13:47 of 2nd period - Kyle Clifford wins face-off versus Blake Geoffrion in Carnivores zone.
14:02 of 2nd period - Snap shot by Kyle Clifford.
14:02 of 2nd period - Shot Misses the Net.
14:14 of 2nd period - Kyle Clifford is hit by Jeremy Williams and loses puck.
14:19 of 2nd period - Slapshot by Jeremy Williams.
14:19 of 2nd period - Stopped by Jeff Frazee with a rebound.
14:27 of 2nd period - Steve Begin is hit by Pierre-Alexandre Parenteau and loses puck.
14:29 of 2nd period - Kyle Clifford and David Schlemko fight to a draw.
14:29 of 2nd period - Penalty to Kyle Clifford for Fighting.
14:29 of 2nd period - Penalty to David Schlemko for Fighting.
14:30 of 2nd period - Anton Gustafsson wins face-off versus Tyler Toffoli in Carnivores zone.
14:37 of 2nd period - Snap shot by Eric Wellwood.
14:37 of 2nd period - Stopped by Antti Raanta with a rebound.
14:39 of 2nd period - Slapshot by Jon Merrill.
14:39 of 2nd period - Stopped by Antti Raanta without a rebound.
14:40 of 2nd period - Blake Geoffrion wins face-off versus Tyler Toffoli in Carnivores zone.
14:42 of 2nd period - Minor Penalty to Brendan Gallagher for Slashing.
14:43 of 2nd period - Anton Gustafsson wins face-off versus Jean-Gabriel Pageau in Carnivores zone.
14:57 of 2nd period - Slapshot by Nicolas Kerdiles.
14:57 of 2nd period - Shot Blocked by Jon Merrill.
14:59 of 2nd period - Slapshot by Ryan Murray.
14:59 of 2nd period - Shot Blocked by Jon Merrill.
16:42 of 2nd period - Penalty to Brendan Gallagher is over, Brendan Gallagher is back on ice.
16:52 of 2nd period - Slapshot by Ryan Murray.
16:52 of 2nd period - Stopped by Jeff Frazee with a rebound.
18:00 of 2nd period - Tyler Toffoli is hit by Brendan Gallagher and loses puck.
18:13 of 2nd period - Ty Wishart is hit by Jeremy Williams and loses puck.
18:37 of 2nd period - Snap shot by Jeff Skinner.
18:37 of 2nd period - Stopped by Antti Raanta with a rebound.
18:47 of 2nd period - Nail Yakupov is hit by Ryan Murray.
18:57 of 2nd period - Snap shot by Nikita Alexeev.
18:57 of 2nd period - Shot Misses the Net.
19:09 of 2nd period - Slapshot by T.J Brodie.
19:09 of 2nd period - Shot Blocked by Pierre-Alexandre Parenteau.
19:11 of 2nd period - Slapshot by Sasha Pokulok.
19:11 of 2nd period - Shot Misses the Net.
19:13 of 2nd period - Wrist shot by Steve Begin.
19:13 of 2nd period - Shot Misses the Net.
19:15 of 2nd period - Slapshot by Mattias Backman.
19:15 of 2nd period - Deflect By Bobby Sanguinetti.
19:15 of 2nd period - Stopped by Jeff Frazee with a rebound.
19:31 of 2nd period - Slapshot by Colton Parayko.
19:31 of 2nd period - Shot Blocked by Jeremy Welsh.
19:33 of 2nd period - Wrist shot by Tyler McNeely.
19:33 of 2nd period - Shot Misses the Net.
19:35 of 2nd period - Slapshot by Nail Yakupov.
19:35 of 2nd period - Stopped by Antti Raanta with a rebound.
19:49 of 2nd period - Backhand shot by Blake Geoffrion.
19:49 of 2nd period - Stopped by Jeff Frazee with a rebound.
Goals for this period are 0 for Carnivores vs 3 for Monarchs .
Shots for this period are 12 for Carnivores vs 15 for Monarchs .
3rd period
0:01 of 3rd period - Jean-Gabriel Pageau wins face-off versus Anton Gustafsson in neutral zone.
0:14 of 3rd period - Snap shot by Pierre-Alexandre Parenteau.
0:14 of 3rd period - Shot Misses the Net.
0:16 of 3rd period - Snap shot by Kyle Clifford.
0:16 of 3rd period - Stopped by Antti Raanta without a rebound.
0:17 of 3rd period - Markus Granlund wins face-off versus Tyler Toffoli in Carnivores zone.
0:24 of 3rd period - Wrist shot by Nikita Alexeev.
0:24 of 3rd period - Shot Blocked by Matt Tennyson.
0:26 of 3rd period - Wrist shot by Nikita Alexeev.
0:26 of 3rd period - Stopped by Jeff Frazee with a rebound.
0:28 of 3rd period - Slapshot by Joe Corvo.
0:28 of 3rd period - Shot Blocked by Eric Wellwood.
0:30 of 3rd period - Wrist shot by Jeremy Welsh.
0:30 of 3rd period - Shot Misses the Net.
0:46 of 3rd period - Double Minor Penalty to Kyle Clifford for High sticking.
0:47 of 3rd period - Scott Laughton wins face-off versus Connor Brown in Monarchs zone.
0:49 of 3rd period - Minor Penalty to Scott Laughton for Hooking.
0:50 of 3rd period - Anton Gustafsson wins face-off versus Teuvo Teravainen in Carnivores zone.
1:52 of 3rd period - Slapshot by Matt Tennyson.
1:52 of 3rd period - Stopped by Antti Raanta with a rebound.
2:00 of 3rd period - Slapshot by T.J Brodie.
2:00 of 3rd period - Deflect By Jon Merrill.
2:00 of 3rd period - Stopped by Jeff Frazee with a rebound.
2:02 of 3rd period - Wrist shot by Nicolas Kerdiles.
2:02 of 3rd period - Shot Blocked by Matt Tennyson.
2:04 of 3rd period - Slapshot by T.J Brodie.
2:04 of 3rd period - Shot Misses the Net.
2:06 of 3rd period - Slapshot by T.J Brodie.
2:06 of 3rd period - Stopped by Jeff Frazee with a rebound.
2:22 of 3rd period - Anton Gustafsson is hit by Bobby Sanguinetti.
2:49 of 3rd period - Penalty to Scott Laughton is over, Scott Laughton is back on ice.
3:59 of 3rd period - Markus Granlund is hit by Rickard Rakell and loses puck.
4:46 of 3rd period - Penalty to Kyle Clifford is over, Kyle Clifford is back on ice.
4:52 of 3rd period - Wrist shot by Kyle Clifford.
4:52 of 3rd period - Deflect By Dalton Smith.
4:52 of 3rd period - Shot Hit the Post.
4:52 of 3rd period - Puck is out of play.
4:53 of 3rd period - Zack Smith wins face-off versus Ryan White in Carnivores zone.
5:04 of 3rd period - Snap shot by Zack Smith.
5:04 of 3rd period - Deflect By Steve Begin.
5:04 of 3rd period - Stopped by Jeff Frazee without a rebound.
5:05 of 3rd period - Jean-Gabriel Pageau wins face-off versus Markus Granlund in Monarchs zone.
5:22 of 3rd period - Kyle Clifford is hit by Nikita Alexeev and loses puck.
5:59 of 3rd period - Snap shot by Nicolas Kerdiles.
5:59 of 3rd period - Shot Misses the Net.
6:19 of 3rd period - Slapshot by Steve Begin.
6:19 of 3rd period - Stopped by Jeff Frazee without a rebound.
6:20 of 3rd period - Scott Laughton wins face-off versus Ryan White in Monarchs zone.
6:23 of 3rd period - Snap shot by Steve Begin.
6:23 of 3rd period - Shot Blocked by Jake Muzzin.
6:25 of 3rd period - Slapshot by Jeremy Williams.
6:25 of 3rd period - Shot Misses the Net.
6:27 of 3rd period - Snap shot by Scott Laughton.
6:27 of 3rd period - Stopped by Jeff Frazee without a rebound.
6:28 of 3rd period - Jean-Gabriel Pageau wins face-off versus Anton Gustafsson in Monarchs zone.
6:30 of 3rd period - Kyle Clifford and Brendan Gallagher fight to a draw.
6:30 of 3rd period - Penalty to Kyle Clifford for Fighting.
6:30 of 3rd period - Penalty to Brendan Gallagher for Fighting.
6:30 of 3rd period - Penalty to Brendan Gallagher for instigated a fight.
6:30 of 3rd period - Penalty to Brendan Gallagher for instigated a fight.
6:31 of 3rd period - Anton Gustafsson wins face-off versus Jean-Gabriel Pageau in Monarchs zone.
6:32 of 3rd period - Snap shot by Ryan Murray.
6:32 of 3rd period - Deflect By Anton Gustafsson.
6:32 of 3rd period - Stopped by Jeff Frazee with a rebound.
6:37 of 3rd period - Off-side.
6:38 of 3rd period - Anton Gustafsson wins face-off versus Jean-Gabriel Pageau in neutral zone.
6:41 of 3rd period - Slapshot by Nate Schmidt.
6:41 of 3rd period - Shot Misses the Net.
7:28 of 3rd period - Off-side.
7:29 of 3rd period - Scott Laughton wins face-off versus Jean-Gabriel Pageau in neutral zone.
8:30 of 3rd period - Penalty to Brendan Gallagher is over, Jeremy Williams is send on ice.
8:45 of 3rd period - Wrist shot by Nikita Alexeev.
8:45 of 3rd period - Stopped by Jeff Frazee with a rebound.
8:47 of 3rd period - Snap shot by Nikita Alexeev.
8:47 of 3rd period - Deflect By Markus Granlund.
8:47 of 3rd period - Shot Misses the Net.
8:47 of 3rd period - Puck is out of play.
8:48 of 3rd period - Rickard Rakell wins face-off versus Markus Granlund in Monarchs zone.
8:48 of 3rd period - Rickard Rakell is hit by Joe Corvo.
8:54 of 3rd period - Snap shot by Jeff Skinner.
8:54 of 3rd period - Stopped by Antti Raanta with a rebound.
9:00 of 3rd period - Jeff Skinner is hit by Jeremy Welsh and loses puck.
9:08 of 3rd period - Off-side.
9:09 of 3rd period - Scott Laughton wins face-off versus Jean-Gabriel Pageau in neutral zone.
9:14 of 3rd period - Slapshot by Teuvo Teravainen.
9:14 of 3rd period - Shot Blocked by T.J Brodie.
9:16 of 3rd period - Snap shot by Pierre-Alexandre Parenteau.
9:16 of 3rd period - Stopped by Antti Raanta without a rebound.
9:17 of 3rd period - Jean-Gabriel Pageau wins face-off versus Scott Laughton in Carnivores zone.
9:58 of 3rd period - Slapshot by Bobby Sanguinetti.
9:58 of 3rd period - Shot Blocked by Nate Schmidt.
10:00 of 3rd period - Snap shot by Bobby Sanguinetti.
10:00 of 3rd period - Shot Misses the Net.
10:02 of 3rd period - Snap shot by Jean-Gabriel Pageau.
10:02 of 3rd period - Shot Misses the Net.
10:04 of 3rd period - Slapshot by Bobby Sanguinetti.
10:04 of 3rd period - Stopped by Antti Raanta with a rebound.
10:06 of 3rd period - Snap shot by Jean-Gabriel Pageau.
10:06 of 3rd period - Stopped by Antti Raanta without a rebound.
10:07 of 3rd period - Jeremy Welsh wins face-off versus Tyler Toffoli in Carnivores zone.
10:07 of 3rd period - Jeremy Welsh is hit by Matt Tennyson.
10:22 of 3rd period - Wrist shot by Eric Wellwood.
10:22 of 3rd period - Stopped by Antti Raanta with a rebound.
11:18 of 3rd period - Minor Penalty to Scott Laughton for Charging.
11:19 of 3rd period - Jean-Gabriel Pageau wins face-off versus Anton Gustafsson in Carnivores zone.
11:25 of 3rd period - Slapshot by Jean-Gabriel Pageau.
11:25 of 3rd period - Shot Misses the Net.
11:30 of 3rd period - Penalty to Brendan Gallagher is over, Jeremy Williams is send on ice.
12:00 of 3rd period - Slapshot by Colton Parayko.
12:00 of 3rd period - Stopped by Antti Raanta with a rebound.
12:02 of 3rd period - Snap shot by Bobby Sanguinetti.
12:02 of 3rd period - Stopped by Antti Raanta with a rebound.
12:12 of 3rd period - Pierre-Alexandre Parenteau is hit by Nate Schmidt and loses puck.
12:51 of 3rd period - Eric Wellwood is hit by Sasha Pokulok and loses puck.
13:18 of 3rd period - Penalty to Scott Laughton is over, Scott Laughton is back on ice.
13:22 of 3rd period - Zack Smith is hit by Trevor Lewis and loses puck.
13:32 of 3rd period - Slapshot by Blake Geoffrion.
13:32 of 3rd period - Shot Misses the Net.
13:34 of 3rd period - Snap shot by Scott Laughton.
13:34 of 3rd period - Shot Blocked by Jeff Skinner.
13:36 of 3rd period - Snap shot by Scott Laughton.
13:36 of 3rd period - Shot Blocked by Bobby Sanguinetti.
13:38 of 3rd period - Snap shot by Scott Laughton.
13:38 of 3rd period - Shot Blocked by Jeff Skinner.
13:40 of 3rd period - Snap shot by Zack Smith.
13:40 of 3rd period - Stopped by Jeff Frazee with a rebound.
13:42 of 3rd period - Wrist shot by Scott Laughton.
13:42 of 3rd period - Goal by Scott Laughton - Carnivores : 1 - Monarchs : 6.
13:43 of 3rd period - Tyler Toffoli wins face-off versus Anton Gustafsson in neutral zone.
13:50 of 3rd period - Snap shot by Tyler Toffoli.
13:50 of 3rd period - Shot Misses the Net.
14:10 of 3rd period - Snap shot by Jean-Gabriel Pageau.
14:10 of 3rd period - Shot Misses the Net.
14:12 of 3rd period - Slapshot by Bobby Sanguinetti.
14:12 of 3rd period - Shot Misses the Net.
14:18 of 3rd period - Snap shot by Kyle Clifford.
14:18 of 3rd period - Deflect By Jean-Gabriel Pageau.
14:18 of 3rd period - Shot Blocked by Ryan Murray.
14:18 of 3rd period - Puck is out of play.
14:19 of 3rd period - Anton Gustafsson wins face-off versus Tyler Toffoli in Carnivores zone.
14:19 of 3rd period - Anton Gustafsson is hit by Matt Tennyson.
14:27 of 3rd period - Snap shot by Anton Gustafsson.
14:27 of 3rd period - Stopped by Jeff Frazee with a rebound.
14:29 of 3rd period - Slapshot by Blake Geoffrion.
14:29 of 3rd period - Shot Misses the Net.
14:31 of 3rd period - Slapshot by T.J Brodie.
14:31 of 3rd period - Shot Blocked by Eric Wellwood.
14:33 of 3rd period - Slapshot by Anton Gustafsson.
14:33 of 3rd period - Stopped by Jeff Frazee with a rebound.
14:35 of 3rd period - Wrist shot by Scott Laughton.
14:35 of 3rd period - Deflect By Anton Gustafsson.
14:35 of 3rd period - Stopped by Jeff Frazee without a rebound.
14:36 of 3rd period - Markus Granlund wins face-off versus Jean-Gabriel Pageau in Monarchs zone.
15:28 of 3rd period - Slapshot by Zack Smith.
15:28 of 3rd period - Deflect By Nicolas Kerdiles.
15:28 of 3rd period - Stopped by Jeff Frazee with a rebound.
15:30 of 3rd period - Snap shot by Nicolas Kerdiles.
15:30 of 3rd period - Shot Misses the Net.
15:46 of 3rd period - Ryan White is hit by Nikita Alexeev and loses puck.
16:17 of 3rd period - Snap shot by Tyler Toffoli.
16:17 of 3rd period - Shot Misses the Net.
16:19 of 3rd period - Wrist shot by Igor Makarov.
16:19 of 3rd period - Stopped by Antti Raanta with a rebound.
16:21 of 3rd period - Snap shot by Tyler Toffoli.
16:21 of 3rd period - Stopped by Antti Raanta without a rebound.
16:22 of 3rd period - Anton Gustafsson wins face-off versus Jean-Gabriel Pageau in Carnivores zone.
16:29 of 3rd period - Icing by Kyle Clifford.
16:30 of 3rd period - Anton Gustafsson wins face-off versus Jean-Gabriel Pageau in Monarchs zone.
16:37 of 3rd period - Slapshot by Anton Gustafsson.
16:37 of 3rd period - Stopped by Jeff Frazee without a rebound.
16:38 of 3rd period - Jean-Gabriel Pageau wins face-off versus Anton Gustafsson in Monarchs zone.
16:45 of 3rd period - Slapshot by Matt Tennyson.
16:45 of 3rd period - Deflect By Kyle Clifford.
16:45 of 3rd period - Shot Blocked by Blake Geoffrion.
16:45 of 3rd period - Puck is out of play.
16:46 of 3rd period - Anton Gustafsson wins face-off versus Jean-Gabriel Pageau in Carnivores zone.
16:48 of 3rd period - Minor Penalty to Joe Corvo for Holding.
16:49 of 3rd period - Anton Gustafsson wins face-off versus Jean-Gabriel Pageau in Carnivores zone.
17:05 of 3rd period - Snap shot by Kyle Clifford.
17:05 of 3rd period - Shot Blocked by Nate Schmidt.
18:48 of 3rd period - Penalty to Joe Corvo is over, Joe Corvo is back on ice.
18:51 of 3rd period - Wrist shot by Igor Makarov.
18:51 of 3rd period - Stopped by Antti Raanta with a rebound.
18:53 of 3rd period - Snap shot by Rickard Rakell.
18:53 of 3rd period - Shot Misses the Net.
18:55 of 3rd period - Wrist shot by Ty Wishart.
18:55 of 3rd period - Deflect By Rickard Rakell.
18:55 of 3rd period - Stopped by Antti Raanta with a rebound.
18:57 of 3rd period - Slapshot by Jake Muzzin.
18:57 of 3rd period - Stopped by Antti Raanta without a rebound.
18:58 of 3rd period - Markus Granlund wins face-off versus Rickard Rakell in Carnivores zone.
19:05 of 3rd period - Snap shot by Jeff Skinner.
19:05 of 3rd period - Stopped by Antti Raanta without a rebound.
19:06 of 3rd period - Jean-Gabriel Pageau wins face-off versus Jeremy Welsh in Carnivores zone.
19:06 of 3rd period - Jean-Gabriel Pageau is hit by Adam Pelech.
19:51 of 3rd period - Icing by Bobby Sanguinetti.
19:52 of 3rd period - Zack Smith wins face-off versus Rickard Rakell in Monarchs zone.
Goals for this period are 1 for Carnivores vs 0 for Monarchs .
Shots for this period are 15 for Carnivores vs 15 for Monarchs .
Back to the Top